 Dungeon Sprint DCSS version 0.31-a0-986-g5e6e4ef867 (webtiles) character file.

Game seed: 11357454532743351865

2340 dialectric the Ninja (level 9, -1/46 HPs)
             Began as a Spriggan Brigand on Nov 22, 2023.
             Was a Believer of Dithmenos.
             Slain by a demonic crawler (16 damage)
             ... in the Dungeon (Sprint I: "Red Sonja").
             The game lasted 00:02:39 (341 turns).

dialectric the Ninja (Spriggan Brigand)              Turns: 341, Time: 00:02:39

Health: -1/46      AC:  3    Str:  9    XL:     9   Next: 19%
Magic:  9/9        EV: 21    Int: 12    God:    Dithmenos [**....]
Gold:   621        SH:  0    Dex: 19    Spells: 8/8 levels left

rFire   . . .        a - +2 dagger
rCold   . . .        (no shield)
rNeg    . . .        b - +0 robe
rPois   .            (helmet restricted)
rElec   .            c - +0 cloak
rCorr   .            (gloves unavailable)
SInv    +            (boots unavailable)
Will    +....        (no amulet) Stlth **++++++++
                     (no ring)
HPRegen 0.27/turn    (no ring)
MPRegen 0.11/turn

%: no teleportation, random rage (3%)
@: on berserk cooldown, fragile, slowed, wreathed by umbra, quick
A: very small, no large weapons, unfitting armour, see invisible, speed 3,
berserk 1, low MP 1
a: Renounce Religion, Shadow Step


You were in the Dungeon.
You worshipped Dithmenos.
Dithmenos was pleased with you.
You visited 1 branch You collected 621 gold pieces.

Inventory:

Hand Weapons
 a - a +2 dagger (weapon)
Missiles
 d - 9 poisoned darts
Armour
 b - a +0 robe (worn)
 c - a +0 cloak (worn)
Wands
 l - a wand of roots (8)
Scrolls
 k - a scroll of blinking
Potions
 f - a potion of curing
 h - a potion of haste
 i - 2 potions of magic


   Skills:
 - Level 4.3 Fighting
 + Level 8.0 Short Blades
 - Level 2.9 Throwing
 + Level 5.8 Dodging
 O Level 27 Stealth
 + Level 0.8 Evocations


You had 8 spell levels left.
You didn't know any spells.
Your spell library contained the following spells:

 Spells                   Type           Power      Damage    Failure   Level
 Wereblood                Tmut           0%         N/A       45%         2
 Irradiate                Conj/Tmut      0%         3d11      100%        5


Dungeon Overview and Level Annotations

Branches:
Dungeon (1/1)

Altars:
Cheibriados
Dithmenos
Elyvilon
Fedhas
Gozag
Hepliaklqana
Kikubaaqudgha
Makhleb
Nemelex Xobeh
Okawaru
Qazlal
Ru
Sif Muna
Trog
Uskayaw
Vehumet
Wu Jian
Xom
Yredelemnul
Zin
The Shining One
Jiyva
Lugonu

Shops:
D =[


Innate Abilities, Weirdness & Mutations

You are very small and have problems with some larger weapons.
You are too small for most types of armour.
You have supernaturally acute eyesight. (SInv)
You cover ground extremely quickly. (Speed+++)
You sometimes lose your temper in combat.
Your magical capacity is low. (-10% MP)


Message History

The glass eye is severely wounded.
You barely miss the glass eye.
The glass eye is severely wounded.
You puncture the glass eye!
The glass eye is severely wounded.
You closely miss the glass eye.
The glass eye is severely wounded.
The glass eye gazes at you.
You feel your fragility will last longer.
You closely miss the glass eye.
The glass eye is severely wounded.
You hit the glass eye.
The glass eye is almost dead.
You closely miss the glass eye.
The glass eye is almost dead.
You puncture the glass eye!
You kill the glass eye!
Dithmenos accepts your kill.
You can now step into the shadows of nearby creatures.
Your Short Blades skill increases to level 8!
You feel a strong urge to attack something.
There is a broken door here.
You feel your anger nearly subside.
You are no longer berserk.
You are exhausted.
You feel yourself slow down. 4 demonic crawlers come into view.
There is an open door here.
The demonic crawler gives a hideous shriek! x2
The demonic crawler completely misses you. x2
The demonic crawler barely misses you. The demonic crawler hits you!
The demonic crawler closely misses you.
The demonic crawler completely misses you.
The demonic crawler attacks as it pursues you!
The demonic crawler hits you. The demonic crawler misses you.
The demonic crawler closely misses you.
There is an open door here.
The demonic crawler attacks as it pursues you!
The demonic crawler hits you! The demonic crawler closely misses you.
The demonic crawler hits you!
You die...

######################
).'..#.)'..#__#.@s.s.#
..#.)'..#..'..'..#s..#
####'#####+#__####...'.s#
###..#...#.####§ #####..+
__####..##)#§~§§ +##
_____##'#_.'~§§
_.∩..†'..._#§§~§.#
_..__##_.#'##'####
_____###+#[#((..###


You could see 4 demonic crawlers.

Vanquished Creatures
  Sonja (D)
  A deep troll (D)
  2 kobold demonologists (D)
  A glass eye (D)
  Sigmund (D)
  A slime creature (D)
  A yak (D)
  An ogre (D)
  A jelly (D)
  Ijyb (D)
11 creatures vanquished.

Notes
Turn   | Place    | Note
-------+----------+-------------------------------------------
     0 | D        | dialectric the Spriggan Brigand began the quest for the
                  | Orb.
     0 | D        | Reached XP level 1. HP: 10/10 MP: 2/2
     2 | D        | Noticed Ijyb
    43 | D        | Killed Ijyb
    44 | D        | Reached skill level 9 in Stealth
    44 | D        | Reached XP level 2. HP: 8/15 MP: 3/3
    48 | D        | Noticed an ogre
    50 | D        | Killed an ogre
    51 | D        | Reached skill level 13 in Stealth
    51 | D        | Reached XP level 3. HP: 12/19 MP: 4/4
    51 | D        | Reached XP level 4. HP: 15/23 MP: 5/5
    62 | D        | Noticed Sigmund
    64 | D        | Killed Sigmund
    65 | D        | Reached skill level 17 in Stealth
    65 | D        | Reached XP level 5. HP: 21/28 MP: 6/6
    65 | D        | Reached XP level 6. HP: 24/32 MP: 7/7
    78 | D        | Found a shimmering blue altar of Sif Muna.
    79 | D        | Found an ornate altar of the Wu Jian Council.
    80 | D        | Found a radiant altar of Vehumet.
    99 | D        | Found Manib's Jewellery Emporium.
    99 | D        | Found an ancient bone altar of Kikubaaqudgha.
    99 | D        | Found a hazy altar of Hepliaklqana.
    99 | D        | Found a hide-covered altar of Uskayaw.
    99 | D        | Found a basalt altar of Yredelemnul.
    99 | D        | Found an opulent altar of Gozag.
    99 | D        | Found a snail-covered altar of Cheibriados.
    99 | D        | Found a sacrificial altar of Ru.
    99 | D        | Found a shadowy altar of Dithmenos.
    99 | D        | Noticed a yak
   100 | D        | Found a stormy altar of Qazlal.
   100 | D        | Found a blossoming altar of Fedhas.
   100 | D        | Found a bloodstained altar of Trog.
   100 | D        | Found an iron altar of Okawaru.
   100 | D        | Found a glowing golden altar of the Shining One.
   100 | D        | Found a glowing silver altar of Zin.
   100 | D        | Found a white marble altar of Elyvilon.
   101 | D        | Killed a yak
   102 | D        | Reached skill level 5 in Short Blades
   102 | D        | Reached skill level 19 in Stealth
   102 | D        | Found a sparkling altar of Nemelex Xobeh.
   108 | D        | Became a worshipper of Dithmenos the Shadowed
   130 | D        | Found a burning altar of Makhleb.
   130 | D        | Found a shimmering altar of Xom.
   130 | D        | Noticed a slime creature
   131 | D        | Found a viscous altar of Jiyva.
   131 | D        | Found a corrupted altar of Lugonu.
   133 | D        | Killed a slime creature
   134 | D        | Reached skill level 20 in Stealth
   134 | D        | Reached XP level 7. HP: 38/38 MP: 8/8
   146 | D        | Noticed a kobold demonologist
   146 | D        | Noticed a glass eye
   147 | D        | Noticed a kobold demonologist
   164 | D        | Noticed Sonja
   168 | D        | Killed Sonja
   169 | D        | Reached skill level 23 in Stealth
   169 | D        | Reached XP level 8. HP: 42/42 MP: 9/9
   183 | D        | Noticed a deep troll
   187 | D        | Killed a deep troll
   187 | D        | Reached * piety under Dithmenos
   188 | D        | Reached skill level 25 in Stealth
   199 | D        | Found Qom Upyr's Armour Emporium.
   251 | D        | Killed a kobold demonologist
   252 | D        | Reached skill level 26 in Stealth
   259 | D        | Noticed a centaur warrior
   271 | D        | Killed a kobold demonologist
   272 | D        | Reached skill level 5 in Dodging
   272 | D        | Reached skill level 27 in Stealth
   272 | D        | Reached XP level 9. HP: 24/46 MP: 10/10
   280 | D        | a centaur warrior changed into a shining eye
   280 | D        | Noticed a shining eye
   281 | D        | Gained mutation: You sometimes lose your temper in combat.
                  | [a shining eye]
   284 | D        | Noticed a centaur warrior
   288 | D        | Gained mutation: Your magical capacity is low. (-10% MP) [a
                  | shining eye]
   328 | D        | Reached ** piety under Dithmenos
   333 | D        | Noticed a demonic crawler
   333 | D        | Noticed a demonic crawler
   333 | D        | Noticed a demonic crawler
   333 | D        | Noticed a demonic crawler
   341 | D        | Slain by a demonic crawler

Illustrated notes

Levels and vault maps discovered:
D:        dungeon_sprint_1 [red_sonja_temple_1, red_sonja_temple_small_1]

Skill      XL: |  1  2  3  4  5  6  7  8  9 |
---------------+----------------------------+-----
Fighting       | 2 3 4 |  4.3
Stealth        | 9 13 17 20 23 27 | 27.0
Short Blades   | 3 4 5 6 7 8 |  8.0
Dodging        | 2 3 5 |  5.8
Throwing       | |  2.9
Evocations     | |  0.8

Action                     |  1- 3 |  4- 6 |  7- 9 || total
---------------------------+-------+-------+-------++-------
  Melee: Dagger            |     4 |     4 |    62 ||    70
         Punch             |       |       |     1 ||     1
  Throw: Dart              |     6 |       |    13 ||    19
  Evoke: Wand              |       |       |     1 ||     1
    Use: Potion            |       |       |     3 ||     3
   Stab: Sleeping          |     1 |     4 |     2 ||     7
 Armour: Robe              |     5 |       |    18 ||    23
  Dodge: Dodged            |     6 |       |    33 ||    39

Table legend: (Time is in decaauts)
 A = Elapsed time spent in this place.
 B = Non-inter-level travel time spent in this place.
 C = Inter-level travel time spent in this place.
 D = Time resting spent in this place.
 E = Time spent auto-exploring this place.
 F = Levels seen in this place.
 G = Mean time per level.
                   A        B        C        D        E       F      G
               +--------+--------+--------+--------+--------+-----+--------+
         Total |    254 |    254 |      0 |      0 |      0 |   1 |  254.0 |
       Dungeon |    254 |    254 |      0 |      0 |      0 |   1 |  254.0 |
               +--------+--------+--------+--------+--------+-----+--------+

Top non-repeatable levels by time:
       D: 254 daAuts
